 Dungeon Crawl Stone Soup version 0.30.1-11-g7821555f0a (webtiles) character file.

Game seed: 17722983327836986301

16674 groovy9 the Severer (level 12, -4/165 HPs)
             Began as a Minotaur Berserker on Jan 9, 2024.
             Was a High Priest of Trog.
             Slain by an ogre
             ... wielding a +0 giant spiked club
              (20 damage)
             ... on level 11 of the Dungeon on Jan 10, 2024.
             The game lasted 00:53:50 (11808 turns).

groovy9 the Severer (Minotaur Berserker)           Turns: 11808, Time: 00:53:52

Health: -4/165     AC: 26    Str: 26    XL:     12   Next: 12%
Magic:  11/11      EV:  2    Int:  3    God:    Trog [*****.]
Gold:   686        SH:  0    Dex: 20    Spells: 11/11 levels left

rFire   + . .        o - +1 war axe (flame)
rCold   . . .        (no shield)
rNeg    . . .        g - melded +0 plate armour
rPois   +            (helmet currently unavailable)
rElec   .            j - melded scarf {shadows}
rCorr   .            u - melded +1 pair of gloves
SInv    .            (boots currently unavailable)
Will    ++...        (no amulet)
Stlth   ++           a - ring of protection from fire
HPRegen 1.47/turn    i - +6 ring of dexterity
MPRegen 0.12/turn

%: no passive effects
@: tree-form, strong-willed, regenerating
A: stationary, stasis, torment immunity, boosted hp, (horns 2), (retaliatory
headbutt), (iridescent scales 1), agile 1, MP-powered wands
a: Renounce Religion, Berserk, Trog's Hand, Brothers in Arms


You were on level 11 of the Dungeon.
You worshipped Trog.
Trog was extremely pleased with you.
You were a tree.
You visited 1 branch of the dungeon, and saw 11 of its levels.

You collected 735 gold pieces.
You spent 49 gold pieces at shops.

Inventory:

Hand Weapons
 o - a +1 war axe of flaming (weapon)
Missiles
 H - a throwing net (quivered)
Armour
 g - a +0 plate armour (melded)
 j - a scarf of shadows (melded)
 u - a +1 pair of gloves (melded)
Jewellery
 a - a ring of protection from fire (left branch)
 c - a ring of fire
 h - an amulet of magic regeneration
 i - a +6 ring of dexterity (right branch)
 G - an amulet of the acrobat
Wands
 n - a wand of charming (17)
 p - a wand of mindburst (12)
 A - a wand of light (3)
 B - a wand of flame (15)
Scrolls
 b - 3 scrolls of noise
 d - a scroll of fog
 e - a scroll of brand weapon
 k - a scroll of acquirement {unknown}
 q - 3 scrolls of teleportation
 t - a scroll of immolation
 v - 3 scrolls of amnesia
 y - 2 scrolls of fear
 z - a scroll of identify
 D - a scroll of silence
 E - 2 scrolls of vulnerability
 F - a scroll of poison
Potions
 f - 5 potions of haste
 l - 6 potions of flight
 m - 5 potions of curing
 r - a potion of might
 s - a potion of brilliance
 w - 2 potions of resistance
 x - a potion of mutation
 J - 2 potions of magic


   Skills:
 + Level 11.3 Fighting
 - Level 0.9 Long Blades
 + Level 16.3 Axes
 + Level 13.3 Armour
 - Level 3.4 Dodging
 - Level 1.5 Stealth
 - Level 0.4 Shields


You had 11 spell levels left.
You didn't know any spells.
Your spell library contained the following spells:

 Spells                   Type           Power      Damage    Failure   Level
 Sublimation of Blood     Necr           0%         N/A       67%         2
 Petrify                  Tmut/Erth      0%         N/A       99%         4
 Summon Lightning Spire   Summ/Air       0%         N/A       99%         4
 Irradiate                Conj/Tmut      0%         3d11      100%        5
 Storm Form               Tmut/Air       0%         N/A       100%        7
 Maxwell's Capacitive Co  Air            0%         ∞         100%        8


Dungeon Overview and Level Annotations

Branches:
Dungeon (11/15)            Temple (0/1) D:4            Lair (0/5) D:9
    Orc (0/2) D:9

Altars:
Ashenzari
Dithmenos
Makhleb
Nemelex Xobeh
Qazlal
Ru
Sif Muna
Trog
Uskayaw
Wu Jian
Xom
Zin

Shops:
D:1 (   D:2 [   D:3 (   D:5 *

Annotations:
D:5 2 runed translucent doors


Innate Abilities, Weirdness & Mutations

You are a tree.
Your roots penetrate the ground, keeping you stationary.
You cannot be teleported.
You are immune to unholy pain and torment.
Your maximum health is greatly increased.
Your equipment is partially melded.
((You have a pair of horns on your head.))
((You reflexively headbutt those who attack you in melee.))
((You are partially covered in iridescent scales. (AC +2)))
You are agile. (Dex +4, Str/Int -1)
You expend magic power (3 MP) to strengthen your wands.


Message History

The orc shouts!
You hear a shout!
The orc warrior hits you but does no damage.
The ogre misses you.
Items here: ))))))) [[[[[[ †††††.
You feel sick.
The orc priest mumbles some strange prayers to Beogh against you.
Beogh smites you! The orc warrior closely misses you.
An orc comes into view. It is wielding a +0 flail.
You feel sick.
The orc shouts!
The ogre hits you with a +0 giant spiked club!!
The orc priest looks satisfied for a moment.
The orc priest invokes the aid of Beogh against you.
Beogh smites you!
* * * LOW HITPOINT WARNING * * *
The orc warrior hits you but does no damage.
Items here: ))))))) [[[[[[ †††††.
Okay, then.
As you read the scroll of teleportation, it crumbles to dust.
You feel strangely unstable.
You feel sick.
The orc warrior hits you with a +0 glaive!
* * * LOW HITPOINT WARNING * * *
The ogre hits you with a +0 giant spiked club.
* * * LOW HITPOINT WARNING * * *
You feel better. The orc warrior closely misses you.
The orc priest invokes the aid of Beogh against you.
Beogh smites you!
* * * LOW HITPOINT WARNING * * *
An orc warrior comes into view. It is wielding a +0 heavy long sword.
Really quaff the potion of lignification?
Uppercase [Y]es or [N]o only, please.
Really quaff the potion of lignification?
You turn into a tree.
Your scarf of shadows melds into your body.
Your +1 pair of gloves melds into your body.
Your +0 plate armour melds into your body.
The dungeon's light returns to normal.
Your roots penetrate the ground.
You feel strangely stable.
The ogre hits you with a +0 giant spiked club!!
You die... ..... .o$..o$# ..... ooooo.## ..... .ooooo ##### oooo# ##.... ooo

##..### ##o# #..##
#+## #oO# ####'#####
...###### #♣##
#......... ..)††...#
##.# #.........
...####.#### #..#
#......... ...#
#....####.##
#......... ...#
####..##..#
#......... ...#
###..#.#####
#.........
...######............
#.........
...............######
+.....<...
##.##..........#
.........


You could see 4 orc warriors, an ogre, 3 orc priests and 4 orcs.

Vanquished Creatures
  A hydra (D:10)
  A boulder beetle (D:10)
  A death knight (D:11)
  A two-headed ogre (D:10)
  Urug (D:10)
  A deep elf pyromancer (D:11)
  2 orc knights
  2 ugly things
  2 cyclopes
  A manticore (D:11)
  Joseph (D:8)
  Maurice (D:9)
  2 gargoyles (D:11)
  Psyche (D:8)
  A komodo dragon (D:10)
  A troll (D:10)
  A hornet (D:9)
  A centaur simulacrum (D:11)
  3 wraiths
  5 wyverns
  10 yaks (D:11)
  Grum (D:8)
  A basilisk (D:9)
  A steam dragon (D:6)
  3 vampire mosquitoes (D:10)
  A warg (D:9)
  The ghost of rundlesten the Magician, an amateur OpHW (D:3)
  5 water moccasins
  4 orc warriors
  4 black bears
  2 ogres (D:7)
  7 wolves
  3 centaurs
  2 phantoms
  4 kobold brigands
  2 bullfrogs
  2 scorpions
  8 wights
  8 killer bees
  A howler monkey (D:8)
  2 jellies (D:6)
  5 orc priests
  5 hounds
  3 quasits (D:3)
  2 sleepcaps (D:7)
  5 orc wizards
  6 iguanas
  13 adders
  2 shadow imps (D:8)
  3 white imps
  3 ufetubi
  3 worms (D:2)
  A dart slug (D:1)
  35 orcs
  12 ball pythons
  7 endoplasms
  6 giant cockroaches
  8 goblins
  2 hobgoblins
  2 quokkas
  7 bats
  8 frilled lizards
  16 kobolds
  9 rats
265 creatures vanquished.

Notes
Turn   | Place    | Note
-------+----------+-------------------------------------------
     0 | D:1      | groovy9 the Minotaur Berserker began the quest for the Orb.
     0 | D:1      | Reached XP level 1. HP: 19/19 MP: 0/0
   185 | D:1      | Reached XP level 2. HP: 24/27 MP: 1/1
   226 | D:1      | Reached skill level 4 in Axes
   344 | D:1      | Reached XP level 3. HP: 33/33 MP: 2/2
   420 | D:1      | Found Bagod's Weapon Boutique.
   454 | D:1      | Bought a +0 war axe for 49 gold pieces
   643 | D:2      | Found a faded altar of an unknown god.
   647 | D:2      | Reached ** piety under Trog
   653 | D:2      | Reached skill level 5 in Axes
   686 | D:2      | Reached XP level 4. HP: 40/40 MP: 3/3
  1156 | D:2      | Noticed an animated shadow dragon scales
  1158 | D:2      | Found Soanecu's Armour Shop.
  1160 | D:2      | Noticed an animated crystal plate armour
  1204 | D:2      | Found a shimmering altar of Xom.
  1592 | D:3      | Found Wal Epoi's Antique Weapon Shop.
  1791 | D:3      | Found a shimmering blue altar of Sif Muna.
  1974 | D:3      | Found a transporter.
  1987 | D:3      | Noticed rundlesten's ghost (amateur OpHW)
  2006 | D:3      | Found a transporter.
  2387 | D:3      | Reached *** piety under Trog
  2388 | D:3      | Reached XP level 5. HP: 47/47 MP: 4/4
  2613 | D:3      | Reached skill level 6 in Axes
  2625 | D:3      | Reached skill level 1 in Stealth
  2627 | D:3      | Killed rundlesten's ghost
  2628 | D:3      | Reached XP level 6. HP: 48/55 MP: 5/5
  2932 | D:4      | Reached skill level 5 in Fighting
  2932 | D:4      | Reached skill level 7 in Axes
  3081 | D:4      | Found a staircase to the Ecumenical Temple.
  3434 | D:5      | Entered Level 5 of the Dungeon
  3646 | D:5      | Noticed a water moccasin
  3662 | D:5      | Killed a water moccasin
  3663 | D:5      | Reached XP level 7. HP: 57/61 MP: 6/6
  3679 | D:5      | Found Uffodel's Serpentskin Sales.
  3689 | D:5      | Found a large runed translucent door.
  3690 | D:5      | Found a large runed translucent door.
  3721 | D:5      | Reached skill level 8 in Axes
  3788 | D:5      | Reached skill level 5 in Armour
  3833 | D:5      | Reached **** piety under Trog
  4150 | D:5      | Found a stormy altar of Qazlal.
  4244 | D:5      | Reached XP level 8. HP: 66/70 MP: 7/7
  4468 | D:6      | Reached skill level 9 in Axes
  4504 | D:6      | Noticed a +0 short sword
  4504 | D:6      | Noticed a +0 spear
  4505 | D:6      | Noticed a +0 falchion
  4505 | D:6      | Noticed a +0 dagger
  4505 | D:6      | Noticed a +0 spear
  4507 | D:6      | Noticed a +0 dagger
  4507 | D:6      | Noticed a +0 short sword
  4507 | D:6      | Noticed a +0 falchion
  4521 | D:6      | Found a hide-covered altar of Uskayaw.
  4901 | D:6      | Reached skill level 10 in Axes
  5270 | D:7      | Gained mutation: You have hidden genetic potential. [potion
                  | of mutation]
  5270 | D:7      | Gained mutation: You are agile. (Dex +4, Str/Int -1)
                  | [potion of mutation]
  5454 | D:7      | Found a sparkling altar of Nemelex Xobeh.
  5570 | D:7      | Found a bloodstained altar of Trog.
  5594 | D:7      | Reached XP level 9. HP: 79/79 MP: 8/8
  5936 | D:8      | Noticed Grum
  5943 | D:8      | Reached skill level 11 in Axes
  5958 | D:7      | HP: 3/79 [poisoned by a killer bee]
  6275 | D:8      | Reached skill level 12 in Axes
  6277 | D:8      | Killed Grum
  6278 | D:8      | Gained mutation: You are partially covered in iridescent
                  | scales. (AC +2) [hidden potential]
  6491 | D:8      | Noticed Psyche
  6506 | D:8      | Killed Psyche
  6744 | D:8      | Noticed Joseph
  6767 | D:8      | Killed Joseph
  6768 | D:8      | Reached XP level 10. HP: 55/88 MP: 9/9
  7116 | D:8      | Found a glowing silver altar of Zin.
  7116 | D:8      | Noticed an angel
  7399 | D:9      | Reached ***** piety under Trog
  7496 | D:9      | Found a broken altar of Ashenzari.
  7497 | D:9      | Found a burning altar of Makhleb.
  7498 | D:9      | Found a sacrificial altar of Ru.
  7550 | D:9      | Reached skill level 13 in Axes
  7647 | D:9      | Found a staircase to the Lair.
  7659 | D:9      | Gained mutation: You expend magic power (3 MP) to
                  | strengthen your wands. [hidden potential]
  7659 | D:9      | Lost mutation: You have hidden genetic potential. [hidden
                  | potential expressed]
  7685 | D:9      | Noticed Maurice
  7693 | D:9      | Killed Maurice
  7698 | D:9      | Reached skill level 10 in Armour
  8022 | D:9      | Found a staircase to the Orcish Mines.
  8040 | D:9      | Reached skill level 14 in Axes
  8626 | D:10     | Entered Level 10 of the Dungeon
  8626 | D:10     | Found an ornate altar of the Wu Jian Council.
  8652 | D:10     | Noticed Urug
  8666 | D:10     | Killed Urug
  9165 | D:10     | Noticed a five-headed hydra
  9172 | D:10     | Killed a one-headed hydra
  9173 | D:10     | Reached XP level 11. HP: 85/99 MP: 10/10
  9501 | D:10     | Found a shadowy altar of Dithmenos.
  9803 | D:10     | Reached skill level 15 in Axes
  9988 | D:11     | Reached skill level 10 in Fighting
 10066 | D:11     | Noticed a cyan ugly thing
 10080 | D:11     | Killed a cyan ugly thing
 10249 | D:11     | Noticed a boulder beetle
 10250 | D:11     | Noticed an orc knight
 10264 | D:10     | HP: 5/100 [boulder beetle (9)]
 10266 | D:10     | Killed a boulder beetle
 10544 | D:10     | Killed an orc knight
 10632 | D:11     | Noticed a two-headed ogre
 10786 | D:11     | Noticed a purple ugly thing
 10792 | D:10     | Killed a two-headed ogre
 10861 | D:10     | Killed a purple ugly thing
 11136 | D:11     | Reached skill level 16 in Axes
 11285 | D:11     | Noticed a deep elf pyromancer
 11285 | D:11     | Noticed a death knight
 11299 | D:11     | Killed a death knight
 11300 | D:11     | Killed a deep elf pyromancer
 11301 | D:11     | Reached XP level 12. HP: 82/110 MP: 11/11
 11808 | D:11     | Slain by an ogre

Illustrated notes

Levels and vault maps discovered:
D:1:      lightli_arrival_noodles, layout_basic, serial_shops,
          nicolae_shop_bloodbath_and_beyond
D:2:      layout_basic, nicolae_ecumenical_snake_handling, serial_shops,
          nicolae_shop_mannequins, basic_altar
D:3:      layout_loops_corners, nicolae_overflow_hidden_temple, serial_shops,
          nicolae_shop_stone, gammafunk_ghost_stat_death, minmay_bisected
D:4:      layout_rooms, minmay_temple_entry_mist, reono_crystal_passage,
          hangedman_decor_points, minmay_ruptured
D:5:      layout_basic, mainiacjoe_overflow_six_doors_small,
          jmf_multi_god_temple2, guppyfry_shop_venom
D:6:      layout_gridville, nicolae_uskayaw_en_pointe,
          chequers_serial_rivers_small_a, grunt_ministairs_5
D:7:      layout_cave_pods, overflow_temple_1_default,
          mainiacjoe_overflow_brackets, serial_park_tiny_pond
D:8:      layout_basic, zin_angel, kennysheep_decorative_pillar, uniq_grum,
          uniq_psyche, uniq_joseph
D:9:      layout_cave_pods, chequers_temple_overflow_statue_of_worship,
          minmay_lair_entry_grove, david_orc_3, uniq_maurice
D:10:     layout_grid_maze, mainiacjoe_overflow_alcove_1, lemuel_tele_altar,
          uniq_urug
D:11:     layout_roguey [special_room_orc], minmay_shattered_shrine

Skill      XL: |  1  2  3  4  5  6  7  8  9 10 11 |
---------------+----------------------------------+-----
Fighting       | 4 5 7 8 9 11 | 11.3
Axes           | 4 5 6 7 8 10 12 14 16 | 16.3
Armour         | 3 4 5 7 9 10 13 | 13.3
Stealth        | 1 |  1.5
Dodging        | 3 |  3.4
Long Blades    | |  0.9
Shields        | |  0.4

Action                     |  1- 3 |  4- 6 |  7- 9 | 10-12 || total
---------------------------+-------+-------+-------+-------++-------
  Melee: Hand axe          |    48 |       |       |       ||    48
         Headbutt          |     9 |    14 |    43 |    66 ||   132
         War axe           |    14 |   139 |   229 |   321 ||   703
         Punch             |       |     1 |     5 |     5 ||    11
 Invoke: Berserk           |       |       |     2 |       ||     2
         Trog's Hand       |       |       |       |     1 ||     1
    Use: Scroll            |     3 |     5 |     2 |     7 ||    17
         Potion            |       |     7 |     2 |     3 ||    12
 Armour: Animal skin       |     7 |       |       |       ||     7
         Ring mail         |     9 |    24 |       |       ||    33
         Plate armour      |       |    81 |   141 |   160 ||   382
  Dodge: Dodged            |    29 |    72 |   115 |    91 ||   307
